 Dungeon Crawl Stone Soup version 0.18.1-8-gdd0e5ea (webtiles) character file.

41 pipel the Ruffian (level 3, -4/36 HPs)
             Began as a Troll Monk on May 22, 2016.
             Was a Believer of Elyvilon.
             Slain by an orc
             ... wielding a +0 trident
              (6 damage)
             ... on level 3 of the Dungeon.
             The game lasted 00:01:48 (356 turns).

pipel the Ruffian (Troll Monk)                       Turns: 356, Time: 00:01:49

Health: -4/36      AC:  5    Str: 20    XL:     3   Next: 32%
Magic:  2/2        EV: 10    Int:  6    God:    Elyvilon [**....]
Gold:   25         SH:  0    Dex: 12    Spells: 0 memorised, 2 levels left

rFire  . . .     SeeInvis .       - Unarmed
rCold  + . .     Gourm    +     a - +0 robe
rNeg   . . .     Faith    .     (no shield)
rPois  .         Spirit   .     (helmet restricted)
rElec  .         Dismiss  .     (no cloak)
rCorr  .         Reflect  .     (gloves unavailable)
SustAt .         Harm     .     (boots unavailable)
MR     .....                    (no amulet)
Stlth  +.........               (no ring)
                                i - ring of protection from cold

@: not resistant to hostile enchantments, very unstealthy
A: unfitting armour, claws 3, fast metabolism 3, gourmand, regeneration 2,
shaggy fur 1, tough skin 2
a: Lesser Healing, Heal Other, Divine Protection, Renounce Religion


You were on level 3 of the Dungeon.
You worshipped Elyvilon.
Elyvilon was pleased with you.
You were completely stuffed.

You visited 1 branch of the dungeon, and saw 3 of its levels.

You collected 25 gold pieces.

Inventory:

Missiles
 d - 54 stones (quivered)
 e - 12 poisoned needles
Armour
 a - a +0 robe (worn)
Jewellery
 i - a ring of protection from cold (left claw)
Scrolls
 g - 3 scrolls of remove curse {unknown}
 h - a scroll of random uselessness {unknown}
Potions
 c - a potion of lignification {unknown}
 f - a potion of brilliance {unknown}
Comestibles
 b - 2 bread rations
 j - a meat ration


   Skills:
 + Level 2.6 Fighting
 + Level 2.8 Dodging
 - Level 1.1 Stealth
 + Level 4.6 Unarmed Combat


You had 2 spell levels left.
You didn't know any spells.

Dungeon Overview and Level Annotations

Branches:
Dungeon (3/15)

Altars:
Elyvilon


Innate Abilities, Weirdness & Mutations

You are too large for most types of armour.
You have claws for hands.
Your metabolism is lightning-fast.
You like to eat raw meat.
You heal very quickly.
You are covered in fur (AC +1).
You have very tough skin (AC +2).


Message History

You barely miss the orc priest.
The orc priest is moderately wounded.
The orc wizard hits you but does no damage.
The rat barely misses you. The orc hits you with a trident.
The orc priest hits you but does no damage.
You take 6 damage, and have 16/36 hp.
You closely miss the orc priest.
The orc priest is moderately wounded.
The orc wizard hits you with a dagger. The rat bites you.
The orc priest calls down the wrath of Beogh upon you.
Beogh smites you!
* * * LOW HITPOINT WARNING * * *
The orc closely misses you. The orc wizard hits you with a dagger.
* * * LOW HITPOINT WARNING * * *
You take 14 damage, and have 2/36 hp.
MASSIVE DAMAGE!!
You barely miss the orc priest.
The orc priest is moderately wounded.
The orc wizard misses you. The rat closely misses you.
The orc priest barely misses you. The orc hits you with a trident.
You die...

....... ....... #+##.#.
...... ....... #....
#####....... #....
#.....<....# ###....##
#.......#..#
......ro####...8...#..#
......o@.†$(..8.8..#..#
#######o####.8._.8.#..#
#.# #..8.8..#..# #.#
#...8......# ..#
#..........# #.#
###.#####.<# #.# #.#
#.## ### #.# #.# ..#
#.#


You could see an orc priest, an orc wizard, an orc and a rat.

Vanquished Creatures
  3 adders (D:2)
  An orc (D:3)
  A giant cockroach (D:2)
  2 hobgoblins
  2 jackals (D:2)
  A quokka (D:2)
  A bat (D:1)
  2 giant newts
  A rat (D:1)
14 creatures vanquished.

Notes
Turn   | Place    | Note
--------------------------------------------------------------
     0 | D:1      | pipel the Troll Monk began the quest for the Orb.
     0 | D:1      | Reached XP level 1. HP: 22/22 MP: 0/0
   114 | D:2      | Reached XP level 2. HP: 29/29 MP: 1/1
   262 | D:2      | Reached XP level 3. HP: 34/36 MP: 2/2
   322 | D:3      | Found a faded altar to an unknown god.
   331 | D:3      | Became a worshipper of Elyvilon the Healer
   331 | D:3      | Reached * piety under Elyvilon
   331 | D:3      | Reached ** piety under Elyvilon
   356 | D:3      | Slain by an orc

Action                   || total
-------------------------++-------
Melee: Unarmed           ||    50
       Punch             ||     1
  Eat: Chunk             ||     9
Armor: Robe              ||    14
Dodge: Dodged            ||    35
